[ AOE2 MATCH · #505299714 ]
UnrankedChinese vs Bohemians
[ REPLAY ANALYSIS · EXTRACTED FROM THE RECORDED GAME ]
Feudal
9:14
Castle
21:35
Imperial
—
| APM avg | 66.3 |
| APM peak | 115 |
| eAPM avg | 35.9 |
| Villagers / military | 64 / 69 |
Focus
⚔️ 60.6% · 🌾 39.4%
Knight ×49 · Scout Cavalry ×20
Feudal
10:48
Castle
23:56
Imperial
—
| APM avg | 48.7 |
| APM peak | 95 |
| eAPM avg | 17.5 |
| Villagers / military | 69 / 78 |
Focus
⚔️ 36.3% · 🌾 63.7%
Archer ×76 · Monk ×1 · Spearman ×1
Feudal
8:51
Castle
24:32
Imperial
—
| APM avg | 61.2 |
| APM peak | 85 |
| eAPM avg | 29.0 |
| Villagers / military | 97 / 62 |
Focus
⚔️ 40.0% · 🌾 60.0%
Archer ×59 · Spearman ×3
Feudal
9:26
Castle
26:05
Imperial
—
| APM avg | 43.6 |
| APM peak | 67 |
| eAPM avg | 22.8 |
| Villagers / military | 75 / 28 |
Focus
⚔️ 38.9% · 🌾 61.1%
Scout Cavalry ×26 · Spearman ×2
Match map
Initial resources + every placement click. Lines = walls · curves = elevation contours. ◆ gold · ⬟ stone · ● berries · ✦ relic · ◌ wall gap
Your base· ✓ Closed at 21:35 · 34t walls · 2 gate(s)
Holy Heroin's base· ✓ Closed at 23:56 · 28t walls · 1 gate(s)
Smiley's base· ✓ Closed at 24:32 · 31t walls · 1 gate(s)
MA's base· Open — 3t gap
Smoothed initial terrain · ◌ = detected wall gap · hover for details
Inputs per minute
— TAG_Sitaux - - Holy Heroin
Build order — TAG_Sitaux
First 150 of 251 actions detected
| 0:03 | Research | Loom |
| 0:43 | Create | Villager (Male) |
| 1:08 | Create | Villager (Male) |
| 1:08 | Create | Villager (Male) |
| 1:33 | Create | Villager (Male) |
| 1:43 | Build | Lumber Camp |
| 1:55 | Create | Villager (Male) |
| 2:19 | Create | Villager (Male) |
| 2:19 | Create | Villager (Male) |
| 2:41 | Create | Villager (Male) |
| 3:00 | Build | House |
| 3:12 | Create | Villager (Male) |
| 3:17 | Build | House |
| 3:17 | Build | Palisade Wall |
| 3:33 | Create | Villager (Male) |
| 3:33 | Create | Villager (Male) |
| 3:53 | Create | Villager (Male) |
| 4:19 | Create | Villager (Male) |
| 4:19 | Create | Villager (Male) |
| 4:34 | Build | Mill |
| 4:40 | Create | Villager (Male) |
| 4:49 | Create | Villager (Male) |
| 4:49 | Create | Villager (Male) |
| 5:09 | Create | Villager (Male) |
| 5:38 | Create | Villager (Male) |
| 5:41 | Create | Villager (Male) |
| 5:59 | Create | Villager (Male) |
| 5:59 | Create | Villager (Male) |
| 6:03 | Build | Farm |
| 6:34 | Create | Villager (Male) |
| 6:50 | Build | Farm |
| 7:04 | Research | Feudal Age |
| 7:46 | Build | Barracks |
| 7:58 | Build | House |
| 8:35 | Build | Palisade Wall |
| 8:41 | Create | Villager (Male) |
| 8:47 | Build | Palisade Gate |
| 8:53 | Build | House |
| 8:57 | Build | House |
| 9:14 | Age | Feudal Age |
| 9:15 | Build | Stable |
| 9:19 | Create | Villager (Male) |
| 9:29 | Research | Double-Bit Axe |
| 9:38 | Create | Villager (Male) |
| 9:56 | Research | Horse Collar |
| 9:57 | Create | Scout Cavalry |
| 10:09 | Build | Farm |
| 10:17 | Build | House |
| 10:18 | Build | Palisade Wall |
| 10:22 | Build | Farm |
| 10:27 | Create | Scout Cavalry |
| 10:33 | Create | Villager (Male) |
| 10:37 | Build | Farm |
| 10:44 | Build | Farm |
| 10:53 | Build | Farm |
| 10:56 | Create | Villager (Male) |
| 11:06 | Build | Farm |
| 11:17 | Build | Farm |
| 11:21 | Create | Villager (Male) |
| 11:33 | Build | House |
| 11:34 | Build | Palisade Wall |
| 11:35 | Build | Palisade Wall |
| 11:39 | Build | Farm |
| 11:41 | Create | Villager (Male) |
| 11:54 | Create | Scout Cavalry |
| 11:59 | Build | Farm |
| 12:02 | Build | House |
| 12:04 | Build | Palisade Wall |
| 12:07 | Create | Villager (Male) |
| 12:27 | Build | Farm |
| 12:30 | Create | Villager (Male) |
| 12:37 | Create | Scout Cavalry |
| 12:40 | Build | Farm |
| 12:47 | Create | Villager (Male) |
| 12:49 | Build | Farm |
| 13:06 | Create | Villager (Male) |
| 13:22 | Create | Scout Cavalry |
| 13:22 | Create | Scout Cavalry |
| 13:30 | Create | Villager (Male) |
| 13:31 | Build | Farm |
| 13:34 | Build | Farm |
| 13:43 | Create | Scout Cavalry |
| 13:56 | Create | Villager (Male) |
| 14:08 | Build | Farm |
| 14:10 | Build | Farm |
| 14:14 | Create | Scout Cavalry |
| 14:17 | Create | Villager (Male) |
| 14:19 | Build | Palisade Gate |
| 14:20 | Build | Palisade Wall |
| 14:25 | Create | Scout Cavalry |
| 14:41 | Build | Blacksmith |
| 14:55 | Build | Farm |
| 15:01 | Create | Villager (Male) |
| 15:03 | Create | Scout Cavalry |
| 15:18 | Build | Farm |
| 15:29 | Build | Watch Tower |
| 15:39 | Research | Wheelbarrow |
| 15:42 | Research | Scale Barding Armor |
| 15:42 | Research | Scale Barding Armor |
| 15:52 | Build | Mining Camp |
| 16:13 | Build | Farm |
| 16:30 | Research | Forging |
| 16:33 | Create | Villager (Male) |
| 17:13 | Build | Lumber Camp |
| 17:23 | Create | Villager (Male) |
| 17:27 | Build | Farm |
| 17:29 | Build | House |
| 17:30 | Build | House |
| 17:37 | Create | Scout Cavalry |
| 17:41 | Create | Villager (Male) |
| 17:58 | Create | Villager (Male) |
| 18:00 | Build | Market |
| 18:12 | Create | Scout Cavalry |
| 18:55 | Research | Castle Age |
| 19:11 | Build | Lumber Camp |
| 19:34 | Research | Bloodlines |
| 19:34 | Research | Bloodlines |
| 20:04 | Create | Scout Cavalry |
| 20:09 | Build | Stable |
| 20:28 | Build | Stone Wall |
| 20:31 | Build | House |
| 20:33 | Build | Stone Wall |
| 20:35 | Build | Stone Wall |
| 20:39 | Create | Scout Cavalry |
| 20:48 | Research | Gold Mining |
| 20:48 | Research | Gold Mining |
| 20:49 | Create | Scout Cavalry |
| 21:02 | Create | Scout Cavalry |
| 21:07 | Build | Watch Tower |
| 21:09 | Create | Scout Cavalry |
| 21:19 | Create | Scout Cavalry |
| 21:35 | Age | Castle Age |
| 21:39 | Research | Light Cavalry (upgrade) |
| 21:42 | Research | Chain Barding Armor |
| 21:44 | Create | Villager (Male) |
| 21:53 | Create | Knight |
| 21:54 | Create | Knight |
| 21:58 | Create | Villager (Male) |
| 22:12 | Create | Knight |
| 22:13 | Create | Villager (Male) |
| 22:15 | Build | House |
| 22:29 | Create | Villager (Male) |
| 22:34 | Create | Knight |
| 22:53 | Build | Stable |
| 22:55 | Create | Knight |
| 23:02 | Create | Villager (Male) |
| 23:03 | Build | House |
| 23:07 | Create | Knight |
| 23:07 | Create | Knight |
| 23:10 | Research | Husbandry |
Build order — Holy Heroin
First 150 of 230 actions detected
| 0:01 | Create | Villager (Male) |
| 0:01 | Create | Villager (Male) |
| 0:02 | Build | House |
| 0:03 | Build | House |
| 0:11 | Create | Villager (Male) |
| 0:11 | Create | Villager (Male) |
| 1:24 | Create | Villager (Male) |
| 1:25 | Create | Villager (Male) |
| 1:43 | Build | Lumber Camp |
| 1:59 | Create | Villager (Male) |
| 2:15 | Create | Villager (Male) |
| 3:02 | Create | Villager (Male) |
| 3:03 | Create | Villager (Male) |
| 3:03 | Create | Villager (Male) |
| 3:44 | Create | Villager (Male) |
| 3:45 | Create | Villager (Male) |
| 4:02 | Create | Villager (Male) |
| 4:03 | Create | Villager (Male) |
| 4:26 | Create | Villager (Male) |
| 4:26 | Create | Villager (Male) |
| 4:29 | Build | House |
| 5:09 | Create | Villager (Male) |
| 5:41 | Create | Villager (Male) |
| 6:06 | Create | Villager (Male) |
| 6:37 | Build | House |
| 6:49 | Create | Villager (Male) |
| 6:58 | Research | Loom |
| 7:01 | Build | House |
| 7:12 | Research | Loom |
| 7:21 | Build | Mining Camp |
| 7:22 | Create | Villager (Male) |
| 7:57 | Build | Barracks |
| 8:38 | Research | Feudal Age |
| 8:54 | Build | Mill |
| 9:10 | Build | House |
| 9:35 | Build | House |
| 10:00 | Build | House |
| 10:12 | Build | Palisade Wall |
| 10:29 | Create | Villager (Male) |
| 10:48 | Age | Feudal Age |
| 10:50 | Build | Archery Range |
| 10:54 | Build | House |
| 10:55 | Build | Palisade Wall |
| 10:59 | Build | Palisade Wall |
| 11:09 | Build | House |
| 11:09 | Build | House |
| 11:12 | Create | Villager (Male) |
| 11:17 | Create | Spearman |
| 11:27 | Build | House |
| 11:34 | Build | House |
| 11:41 | Create | Archer |
| 11:55 | Build | Farm |
| 11:55 | Build | Farm |
| 11:55 | Build | Farm |
| 12:02 | Create | Archer |
| 12:22 | Create | Archer |
| 12:23 | Create | Villager (Male) |
| 12:27 | Build | Farm |
| 12:42 | Create | Archer |
| 12:53 | Create | Villager (Male) |
| 12:54 | Create | Archer |
| 13:18 | Create | Villager (Male) |
| 13:38 | Build | Archery Range |
| 13:41 | Build | Palisade Wall |
| 13:45 | Create | Archer |
| 13:45 | Create | Villager (Male) |
| 13:47 | Create | Villager (Male) |
| 14:24 | Build | Blacksmith |
| 14:25 | Build | House |
| 14:27 | Build | Palisade Wall |
| 14:29 | Create | Villager (Male) |
| 14:30 | Create | Archer |
| 14:34 | Create | Archer |
| 14:49 | Build | Farm |
| 14:56 | Build | Farm |
| 14:59 | Create | Villager (Male) |
| 15:07 | Research | Fletching |
| 15:07 | Create | Archer |
| 15:45 | Build | Gate |
| 15:46 | Create | Villager (Male) |
| 15:46 | Create | Archer |
| 15:47 | Create | Archer |
| 15:56 | Create | Villager (Male) |
| 15:57 | Create | Archer |
| 15:58 | Create | Archer |
| 16:06 | Build | House |
| 16:08 | Build | House |
| 16:21 | Create | Villager (Male) |
| 16:21 | Create | Archer |
| 16:21 | Create | Archer |
| 16:31 | Build | Farm |
| 16:45 | Build | Farm |
| 16:59 | Create | Villager (Male) |
| 16:59 | Create | Archer |
| 16:59 | Create | Archer |
| 17:04 | Build | House |
| 17:18 | Create | Villager (Male) |
| 17:18 | Create | Villager (Male) |
| 17:19 | Create | Archer |
| 17:41 | Create | Villager (Male) |
| 17:41 | Create | Archer |
| 17:41 | Create | Archer |
| 17:49 | Build | House |
| 17:50 | Build | House |
| 18:24 | Build | Market |
| 18:26 | Build | House |
| 18:27 | Create | Archer |
| 18:28 | Create | Villager (Male) |
| 19:00 | Create | Villager (Male) |
| 19:01 | Create | Archer |
| 19:21 | Build | Archery Range |
| 19:23 | Build | House |
| 19:24 | Build | House |
| 19:25 | Create | Archer |
| 19:26 | Create | Villager (Male) |
| 19:26 | Create | Villager (Male) |
| 19:34 | Create | Villager (Male) |
| 19:52 | Create | Villager (Male) |
| 19:52 | Create | Archer |
| 19:52 | Create | Archer |
| 19:54 | Build | Farm |
| 20:01 | Build | House |
| 20:48 | Create | Archer |
| 20:49 | Create | Archer |
| 20:50 | Create | Archer |
| 21:16 | Research | Castle Age |
| 21:43 | Create | Villager (Male) |
| 21:43 | Create | Archer |
| 21:44 | Create | Archer |
| 21:44 | Create | Archer |
| 21:44 | Create | Archer |
| 22:11 | Build | Farm |
| 22:14 | Build | Farm |
| 22:36 | Create | Archer |
| 22:36 | Create | Archer |
| 22:36 | Create | Archer |
| 22:41 | Research | Double-Bit Axe |
| 22:45 | Build | House |
| 22:59 | Research | Padded Archer Armor |
| 23:18 | Build | House |
| 23:20 | Build | House |
| 23:23 | Research | Horse Collar |
| 23:48 | Build | Lumber Camp |
| 23:56 | Create | Villager (Male) |
| 23:56 | Age | Castle Age |
| 24:02 | Research | Bodkin Arrow |
| 24:29 | Research | Crossbowman (upgrade) |
| 24:42 | Create | Villager (Male) |
| 24:44 | Create | Archer |
| 24:44 | Create | Archer |
Build order — Smiley
First 150 of 247 actions detected
| 0:01 | Create | Villager (Male) |
| 0:01 | Create | Villager (Male) |
| 0:01 | Create | Villager (Male) |
| 0:02 | Build | House |
| 0:03 | Build | House |
| 0:06 | Create | Villager (Male) |
| 0:06 | Create | Villager (Male) |
| 1:18 | Create | Villager (Male) |
| 1:18 | Create | Villager (Male) |
| 1:48 | Create | Villager (Male) |
| 2:01 | Create | Villager (Male) |
| 2:17 | Create | Villager (Male) |
| 2:23 | Build | Lumber Camp |
| 2:48 | Create | Villager (Male) |
| 2:58 | Create | Villager (Male) |
| 2:58 | Create | Villager (Male) |
| 3:03 | Build | House |
| 3:04 | Build | House |
| 3:11 | Create | Villager (Male) |
| 3:37 | Create | Villager (Male) |
| 3:37 | Create | Villager (Male) |
| 4:51 | Create | Villager (Male) |
| 4:51 | Create | Villager (Male) |
| 5:08 | Research | Loom |
| 5:14 | Create | Villager (Male) |
| 5:28 | Build | Mining Camp |
| 5:50 | Research | Loom |
| 6:25 | Research | Feudal Age |
| 7:07 | Create | Villager (Male) |
| 7:20 | Build | Mill |
| 7:55 | Build | Barracks |
| 8:51 | Age | Feudal Age |
| 8:53 | Build | Archery Range |
| 8:59 | Create | Villager (Male) |
| 9:20 | Build | House |
| 9:21 | Build | Palisade Wall |
| 9:23 | Create | Villager (Male) |
| 9:30 | Create | Spearman |
| 9:40 | Create | Archer |
| 9:40 | Create | Archer |
| 9:40 | Create | Archer |
| 9:51 | Build | House |
| 9:57 | Build | Palisade Gate |
| 9:58 | Build | Palisade Wall |
| 10:00 | Create | Villager (Male) |
| 10:15 | Create | Villager (Male) |
| 10:29 | Create | Archer |
| 10:29 | Create | Archer |
| 10:40 | Build | House |
| 10:41 | Build | Palisade Wall |
| 10:51 | Build | Blacksmith |
| 10:56 | Create | Villager (Male) |
| 11:07 | Create | Villager (Male) |
| 11:19 | Build | Watch Tower |
| 11:29 | Build | House |
| 11:30 | Build | Palisade Wall |
| 11:42 | Create | Archer |
| 11:47 | Create | Villager (Male) |
| 11:55 | Build | Farm |
| 11:56 | Build | Farm |
| 12:16 | Create | Villager (Male) |
| 12:53 | Build | Farm |
| 13:05 | Create | Archer |
| 13:14 | Research | Fletching |
| 13:14 | Research | Fletching |
| 13:18 | Build | Farm |
| 13:20 | Build | Farm |
| 13:33 | Create | Spearman |
| 13:43 | Build | Farm |
| 13:45 | Build | Farm |
| 13:46 | Create | Archer |
| 13:46 | Create | Archer |
| 13:57 | Create | Villager (Male) |
| 14:16 | Create | Villager (Male) |
| 14:23 | Create | Villager (Male) |
| 14:24 | Create | Villager (Male) |
| 14:39 | Create | Archer |
| 14:39 | Create | Archer |
| 14:46 | Build | Farm |
| 15:03 | Create | Villager (Male) |
| 15:03 | Create | Villager (Male) |
| 15:03 | Create | Villager (Male) |
| 15:08 | Create | Villager (Male) |
| 15:21 | Build | Farm |
| 15:27 | Create | Villager (Male) |
| 15:29 | Create | Archer |
| 15:46 | Create | Spearman |
| 15:52 | Create | Villager (Male) |
| 15:52 | Create | Villager (Male) |
| 16:04 | Create | Archer |
| 16:04 | Create | Archer |
| 16:38 | Create | Villager (Male) |
| 16:38 | Create | Villager (Male) |
| 16:53 | Create | Villager (Male) |
| 16:55 | Build | House |
| 16:58 | Build | House |
| 17:27 | Build | Farm |
| 17:27 | Build | Farm |
| 17:28 | Build | Farm |
| 17:30 | Research | Double-Bit Axe |
| 17:33 | Build | House |
| 17:41 | Create | Archer |
| 17:42 | Create | Archer |
| 17:42 | Create | Villager (Male) |
| 17:43 | Create | Villager (Male) |
| 17:46 | Build | Farm |
| 17:46 | Build | Farm |
| 17:50 | Build | House |
| 17:51 | Build | Palisade Wall |
| 17:57 | Build | Farm |
| 18:02 | Create | Villager (Male) |
| 18:41 | Create | Villager (Male) |
| 18:41 | Create | Villager (Male) |
| 18:48 | Build | Market |
| 18:49 | Build | Palisade Wall |
| 18:51 | Build | Farm |
| 18:52 | Build | Farm |
| 19:00 | Create | Villager (Male) |
| 19:10 | Create | Villager (Male) |
| 19:12 | Build | Farm |
| 19:15 | Build | Palisade Wall |
| 19:19 | Build | House |
| 19:53 | Create | Villager (Male) |
| 19:59 | Build | House |
| 20:03 | Build | House |
| 20:04 | Build | Palisade Wall |
| 20:12 | Create | Villager (Male) |
| 20:17 | Build | Lumber Camp |
| 20:27 | Create | Villager (Male) |
| 20:30 | Create | Villager (Male) |
| 20:31 | Create | Villager (Male) |
| 20:33 | Build | Farm |
| 20:35 | Create | Villager (Male) |
| 20:45 | Create | Villager (Male) |
| 21:04 | Research | Castle Age |
| 21:04 | Research | Castle Age |
| 21:15 | Build | House |
| 21:18 | Build | House |
| 21:20 | Build | House |
| 21:36 | Research | Gold Mining |
| 21:47 | Build | Farm |
| 22:02 | Create | Archer |
| 22:02 | Create | Archer |
| 22:03 | Create | Archer |
| 22:16 | Research | Padded Archer Armor |
| 22:35 | Build | Archery Range |
| 22:42 | Create | Archer |
| 22:44 | Create | Villager (Male) |
| 23:00 | Create | Villager (Male) |
| 23:02 | Create | Villager (Male) |
Build order — MA
First 150 of 214 actions detected
| 0:01 | Create | Villager (Male) |
| 0:02 | Build | House |
| 0:03 | Build | House |
| 0:10 | Create | Villager (Male) |
| 0:21 | Create | Villager (Male) |
| 0:38 | Create | Villager (Male) |
| 1:33 | Create | Villager (Male) |
| 1:55 | Create | Villager (Male) |
| 2:21 | Build | Lumber Camp |
| 2:23 | Create | Villager (Male) |
| 2:46 | Create | Villager (Male) |
| 3:03 | Create | Villager (Male) |
| 3:26 | Build | House |
| 3:30 | Create | Villager (Male) |
| 3:53 | Create | Villager (Male) |
| 4:24 | Create | Villager (Male) |
| 4:46 | Build | Mill |
| 4:52 | Create | Villager (Male) |
| 5:02 | Create | Villager (Male) |
| 5:31 | Build | House |
| 5:42 | Create | Villager (Male) |
| 5:43 | Research | Loom |
| 6:06 | Build | House |
| 6:47 | Create | Villager (Male) |
| 7:16 | Research | Feudal Age |
| 7:49 | Build | Barracks |
| 9:26 | Age | Feudal Age |
| 9:28 | Build | Stable |
| 9:31 | Research | Double-Bit Axe |
| 9:31 | Create | Villager (Male) |
| 9:49 | Create | Villager (Male) |
| 9:53 | Create | Spearman |
| 10:08 | Create | Villager (Male) |
| 10:11 | Create | Scout Cavalry |
| 10:11 | Create | Scout Cavalry |
| 10:17 | Build | House |
| 10:21 | Create | Scout Cavalry |
| 10:32 | Build | Farm |
| 10:33 | Build | Farm |
| 10:35 | Build | Farm |
| 10:41 | Create | Villager (Male) |
| 10:47 | Build | Palisade Wall |
| 10:47 | Build | House |
| 10:55 | Create | Villager (Male) |
| 11:08 | Build | Farm |
| 11:14 | Create | Villager (Male) |
| 11:16 | Build | Farm |
| 11:22 | Build | Farm |
| 11:26 | Build | Palisade Wall |
| 11:29 | Build | Palisade Wall |
| 11:39 | Build | Farm |
| 11:42 | Create | Villager (Male) |
| 11:53 | Build | Palisade Wall |
| 11:57 | Create | Spearman |
| 12:07 | Build | Farm |
| 12:12 | Create | Villager (Male) |
| 12:20 | Create | Scout Cavalry |
| 12:30 | Create | Villager (Male) |
| 12:34 | Build | Farm |
| 12:48 | Create | Villager (Male) |
| 12:53 | Build | House |
| 12:57 | Build | House |
| 13:02 | Create | Villager (Male) |
| 13:04 | Build | Farm |
| 13:11 | Create | Villager (Male) |
| 13:17 | Build | House |
| 13:29 | Build | Palisade Wall |
| 13:37 | Build | Watch Tower |
| 13:41 | Create | Villager (Male) |
| 13:43 | Build | Farm |
| 13:44 | Build | Farm |
| 13:47 | Create | Villager (Male) |
| 14:03 | Create | Villager (Male) |
| 14:05 | Build | Farm |
| 14:07 | Build | Farm |
| 14:18 | Create | Villager (Male) |
| 14:19 | Build | Mining Camp |
| 14:39 | Create | Villager (Male) |
| 14:40 | Build | Farm |
| 14:58 | Create | Villager (Male) |
| 14:59 | Create | Scout Cavalry |
| 15:19 | Create | Villager (Male) |
| 15:21 | Build | House |
| 15:23 | Create | Scout Cavalry |
| 15:26 | Create | Scout Cavalry |
| 15:43 | Build | Market |
| 15:52 | Create | Villager (Male) |
| 15:54 | Research | Bloodlines |
| 15:54 | Research | Bloodlines |
| 16:01 | Build | House |
| 16:15 | Build | House |
| 16:19 | Create | Villager (Male) |
| 16:22 | Create | Scout Cavalry |
| 16:34 | Create | Villager (Male) |
| 17:04 | Build | Blacksmith |
| 17:10 | Create | Villager (Male) |
| 17:25 | Create | Scout Cavalry |
| 17:26 | Create | Villager (Male) |
| 17:37 | Research | Scale Barding Armor |
| 17:37 | Research | Scale Barding Armor |
| 17:38 | Build | House |
| 17:46 | Build | Farm |
| 17:51 | Build | Farm |
| 17:57 | Create | Scout Cavalry |
| 18:07 | Create | Villager (Male) |
| 18:09 | Create | Villager (Male) |
| 18:16 | Create | Scout Cavalry |
| 18:27 | Build | Farm |
| 18:29 | Build | Farm |
| 18:40 | Create | Scout Cavalry |
| 18:43 | Create | Villager (Male) |
| 18:53 | Build | Palisade Wall |
| 18:56 | Build | Palisade Wall |
| 19:00 | Build | Lumber Camp |
| 19:06 | Build | Lumber Camp |
| 19:15 | Create | Scout Cavalry |
| 19:41 | Create | Villager (Male) |
| 19:42 | Build | Farm |
| 19:46 | Build | Farm |
| 19:51 | Create | Scout Cavalry |
| 19:59 | Create | Villager (Male) |
| 20:02 | Research | Forging |
| 20:02 | Research | Forging |
| 20:04 | Create | Villager (Male) |
| 20:07 | Build | House |
| 20:19 | Build | House |
| 20:20 | Build | House |
| 20:23 | Create | Scout Cavalry |
| 20:24 | Create | Villager (Male) |
| 20:25 | Build | Farm |
| 20:27 | Create | Villager (Male) |
| 20:29 | Create | Scout Cavalry |
| 20:34 | Build | Farm |
| 20:37 | Build | House |
| 20:39 | Build | House |
| 20:41 | Build | Palisade Wall |
| 20:59 | Create | Villager (Male) |
| 20:59 | Create | Scout Cavalry |
| 21:17 | Create | Villager (Male) |
| 21:21 | Create | Villager (Male) |
| 21:37 | Create | Villager (Male) |
| 21:45 | Build | Farm |
| 21:48 | Build | House |
| 21:50 | Build | House |
| 21:54 | Build | Market |
| 22:16 | Create | Villager (Male) |
| 22:32 | Create | Villager (Male) |
| 22:33 | Create | Villager (Male) |
| 22:45 | Build | House |
| 22:47 | Build | Palisade Wall |
Match timeline
| 3:17 | TAG_Sitaux · wall_segment Palisade Wall x1 |
| 7:46 | TAG_Sitaux · first_building Barracks |
| 7:49 | MA · first_building Barracks |
| 7:55 | Smiley · first_building Barracks |
| 7:57 | Holy Heroin · first_building Barracks |
| 8:35 | TAG_Sitaux · wall_segment Palisade Wall x11 |
| 8:51 | Smiley · age_up feudal |
| 8:53 | Smiley · first_building Archery Range |
| 9:14 | TAG_Sitaux · age_up feudal |
| 9:15 | TAG_Sitaux · first_building Stable |
| 9:21 | Smiley · wall_segment Palisade Wall x4 |
| 9:26 | MA · age_up feudal |
| 9:28 | MA · first_building Stable |
| 9:58 | Smiley · wall_segment Palisade Wall x3 |
| 10:12 | Holy Heroin · wall_segment Palisade Wall x17 |
| 10:18 | TAG_Sitaux · wall_segment Palisade Wall x5 |
| 10:41 | Smiley · wall_segment Palisade Wall x1 |
| 10:47 | MA · wall_segment Palisade Wall x1 |
| 10:48 | Holy Heroin · age_up feudal |
| 10:50 | Holy Heroin · first_building Archery Range |
| 10:55 | Holy Heroin · wall_segment Palisade Wall x2 |
| 10:59 | Holy Heroin · wall_segment Palisade Wall x6 |
| 11:26 | MA · wall_segment Palisade Wall x5 |
| 11:29 | MA · wall_segment Palisade Wall x10 |
| 11:30 | Smiley · wall_segment Palisade Wall x5 |
| 11:34 | TAG_Sitaux · wall_segment Palisade Wall x5 |
| 11:35 | TAG_Sitaux · wall_segment Palisade Wall x5 |
| 11:53 | MA · wall_segment Palisade Wall x6 |
| 12:04 | TAG_Sitaux · wall_segment Palisade Wall x1 |
| 13:29 | MA · wall_segment Palisade Wall x10 |
| 13:41 | Holy Heroin · wall_segment Palisade Wall x2 |
| 14:20 | TAG_Sitaux · wall_segment Palisade Wall x3 |
| 14:27 | Holy Heroin · wall_segment Palisade Wall x1 |
| 17:51 | Smiley · wall_segment Palisade Wall x1 |
| 18:11 | MA · first_market_buy 100 food |
| 18:41 | TAG_Sitaux · first_market_sell 100 wood |
| 18:49 | Smiley · wall_segment Palisade Wall x5 |
| 18:53 | MA · wall_segment Palisade Wall x6 |
| 18:56 | MA · wall_segment Palisade Wall x5 |
| 19:15 | Smiley · wall_segment Palisade Wall x6 |
| 20:04 | Smiley · wall_segment Palisade Wall x6 |
| 20:28 | TAG_Sitaux · wall_segment Stone Wall x1 |
| 20:33 | TAG_Sitaux · wall_segment Stone Wall x1 |
| 20:35 | TAG_Sitaux · wall_segment Stone Wall x2 |
| 20:41 | MA · wall_segment Palisade Wall x1 |
| 20:53 | Holy Heroin · first_market_buy 100 food |
| 20:56 | Holy Heroin · first_market_sell 100 wood |
| 21:05 | TAG_Sitaux · first_market_buy 100 stone |
| 21:35 | TAG_Sitaux · age_up castle |
| 22:47 | MA · wall_segment Palisade Wall x1 |
| 23:07 | MA · first_market_sell 100 wood |
| 23:36 | TAG_Sitaux · wall_segment Palisade Wall x1 |
| 23:39 | TAG_Sitaux · wall_segment Palisade Wall x2 |
| 23:55 | TAG_Sitaux · wall_segment Palisade Wall x1 |
| 23:56 | Holy Heroin · age_up castle |
| 24:32 | Smiley · age_up castle |
| 24:41 | Smiley · first_market_sell 100 wood |
| 26:05 | MA · age_up castle |
| 26:55 | MA · wall_segment Palisade Wall x1 |
| 27:05 | Holy Heroin · wall_segment Stone Wall x3 |
| 27:23 | Holy Heroin · first_building Monastery |
| 28:00 | Smiley · first_market_buy 100 stone |
| 31:15 | Holy Heroin · wall_segment Stone Wall x1 |
| 31:51 | MA · first_building Castle |
| 32:04 | MA · resign |
[ AI ANALYSIS · 1 CREDIT ]
What really happened in this match?
Wolo.gg analyzes every decision: build order, eco, micro, common mistakes by bracket. Personalized analysis on WhatsApp or Discord in 30 seconds.
Civ guide
Chinese
Perfil
Sitaux (TAG_Sitaux)